 Dungeon Crawl Stone Soup version 0.20.1-1-g8b1a95d (webtiles) character file.

270 Folque the Magician (level 6, 0/39 HPs)
             Began as an Octopode Wizard on Dec 3, 2017.
             Slain by an orc wizard
             ... wielding a +0 dagger
              (2 damage)
             ... on level 3 of the Dungeon.
             The game lasted 00:08:22 (2420 turns).

Folque the Magician (Octopode Wizard)               Turns: 2420, Time: 00:08:23

Health: 0/39       AC:  1    Str:  6    XL:     6   Next: 22%
Magic:  2/12       EV: 13    Int: 22    God:
Gold:   62         SH:  0    Dex: 11    Spells: 5/13 levels left

rFire    . . .     SeeInvis +   r - +1 spear (freeze)
rCold    . . .     Gourm    .   (no shield)
rNeg     . . .     Faith    .   a - +0 hat
rPois    .         Spirit   .   i - amulet of magic regeneration
rElec    .         Reflect  .   (no ring)
rCorr    .         Harm     .   o - ring of see invisible
MR       .....                  (no ring)
Stlth    +++.......             (no ring)
Regen    0.2/turn               (no ring)
MPRegen  0.2/turn               (no ring)
                                (no ring)
                                (no ring)

@: no status effects
A: almost no armour, stealthy swim, amphibious, 8 rings, constrict 8, camouflage
1, gelatinous body 1
a: no special abilities


You were on level 3 of the Dungeon.
You were not hungry.

You visited 1 branch of the dungeon, and saw 3 of its levels.

You collected 62 gold pieces.

Inventory:

Hand Weapons
 e - a +0 short sword
 n - a +1 quarterstaff
 q - a +3 dagger
 r - a +1 spear of freezing (weapon)
 u - a +0 dagger of venom
Armour
 a - a +0 hat (worn)
Jewellery
 i - an amulet of magic regeneration (around mantle)
 o - a ring of see invisible (right tentacle)
Scrolls
 f - a scroll of noise {unknown}
 g - a scroll of random uselessness
 h - 2 scrolls of enchant weapon
 w - a scroll of magic mapping {unknown}
 x - a scroll of remove curse
Potions
 j - a potion of berserk rage
 k - a potion of agility {unknown}
 l - a potion of magic {unknown}
 m - 2 potions of curing
 p - 2 potions of brilliance
 s - a potion of invisibility {unknown}
Books
 b - a book of Minor Magic

   Spells                             Type                      Level
   a - Magic Dart                     Conjuration                  1
   b - Blink                          Translocation                2
   c - Call Imp                       Summoning                    2
   d - Slow                           Hexes                        2
   e - Conjure Flame                  Conjuration/Fire             3
   f - Mephitic Cloud                 Conjuration/Poison/Air       3
Comestibles
 c - 3 bread rations
 d - 3 fruits
 t - a royal jelly
 v - 5 chunks of flesh


   Skills:
 - Level 2.0 Fighting
 - Level 2.0 Dodging
 - Level 2.6 Stealth
 + Level 4.1 Spellcasting
 * Level 3.0 Conjurations
 - Level 1.0 Summonings
 - Level 1.0 Translocations
 - Level 4.0 Poison Magic


You had 5 spell levels left.
You knew the following spells:

 Your Spells              Type           Power        Failure   Level  Hunger
a - Magic Dart            Conj           ###.         3%          1    None
b - Call Imp              Summ           #.......     11%         2    #......
c - Blink                 Tloc           N/A          11%         2    #......
d - Mephitic Cloud        Conj/Pois/Air  ##......     13%         3    ##.....


Dungeon Overview and Level Annotations

Branches:
Dungeon (3/15)

Altars:
Trog


Innate Abilities, Weirdness & Mutations

You cannot wear most types of armour.
You are very stealthy in the water. (Stealth+)
You are amphibious.
You can wear up to eight rings at the same time.
You can use your tentacles to constrict eight enemies at once.
Your skin changes colour to match your surroundings (Stealth+).
Your rubbery body absorbs attacks. (AC +1, EV +1)


Message History

You swap places.
Attack whom?
Press: ? - help, Dir - move target cursor, f - orc wizard
Aim: an orc wizard, wielding a dagger and wearing a robe (heavily wounded, slightly transparent)
You could not reach far enough!
Your crimson imp disappears in a puff of smoke!
You hit the orc wizard but do no damage.
Your grab misses the orc wizard.
The orc wizard is heavily wounded.
The orc wizard hits you with a dagger.
* * * LOW HITPOINT WARNING * * *
You completely miss the orc wizard. Your grab misses the orc wizard.
The orc wizard is heavily wounded.
The orc wizard barely misses you.
You hit the orc wizard. You freeze the orc wizard.
Your grab misses the orc wizard.
The orc wizard is severely wounded.
The orc wizard hits you but does no damage.
The orc wizard hits you with a dagger.
You die...

#.. #.# #..###.## ..#
#....... ...# ###...##.#
#..# ......#.###..#
#####........#..####
.......#.#.........
#.......[.#..######
#####.#.#.#@#).....)..#
###
#.....#...#o##......).#
..#
#.####....#.#.o..).####
#.#.#.........#........#
#.#.#..###.#..#.######.#
#.#.........#.#.. ....
#.###..###..#...# ..###
#......# ........ ..#
##......# ...#...## #..#


You could see an orc wizard (invisible).

Vanquished Creatures
  Sigmund (D:2)
  2 adders (D:2)
  2 oozes (D:2)
  A worm (D:3)
  2 dart slugs (D:1)
  A leopard gecko (D:2)
  3 orcs (D:3)
  A ball python (D:2)
  4 giant cockroaches (D:2)
  6 goblins
  2 hobgoblins (D:3)
  4 jackals (D:1)
  4 kobolds
  4 bats (D:2)
  5 frilled lizards
  6 rats
48 creatures vanquished.

Vanquished Creatures (collateral kills)
  Ijyb (D:3)
  2 adders
3 creatures vanquished.

Vanquished Creatures (others)
  A dart slug (D:1)
  A rat (D:1)
2 creatures vanquished.

Grand Total: 53 creatures vanquished

Notes
Turn   | Place    | Note
-------+----------+-------------------------------------------
     0 | D:1      | Folque the Octopode Wizard began the quest for the Orb.
     0 | D:1      | Reached XP level 1. HP: 11/11 MP: 4/4
    30 | D:1      | Reached skill level 1 in Fighting
    98 | D:1      | Reached XP level 2. HP: 18/18 MP: 6/6
   105 | D:1      | Learned a level 2 spell: Call Imp
   108 | D:1      | Learned a level 2 spell: Blink
   863 | D:2      | Reached XP level 3. HP: 21/24 MP: 7/7
   868 | D:2      | Learned a level 3 spell: Mephitic Cloud
  1378 | D:2      | Reached skill level 1 in Poison Magic
  1553 | D:2      | Noticed Sigmund
  1570 | D:2      | Killed Sigmund
  1570 | D:2      | Reached XP level 4. HP: 14/29 MP: 5/9
  1570 | D:2      | Reached XP level 5. HP: 17/34 MP: 5/10
  1898 | D:2      | Found a bloodstained altar of Trog.
  1965 | D:2      | Reached XP level 6. HP: 21/39 MP: 8/11
  1992 | D:2      | Found a faded altar of an unknown god.
  2384 | D:3      | Noticed Ijyb
  2410 | D:3      | Killed Ijyb
  2420 | D:3      | Slain by an orc wizard

Skill      XL: |  1  2  3  4  5  6 |
---------------+-------------------+-----
Fighting       | 1 2 |  2.0
Poison Magic   | 3 4 |  4.0
Conjurations   | 2 3 |  3.0
Spellcasting   | 4 |  4.1
Dodging        | |  2.0
Stealth        | |  2.6
Summonings     | |  1.0
Translocations | |  1.0

Action                   |  1- 3 |  4- 6 || total
-------------------------+-------+-------++-------
Melee: Unarmed           |    25 |       ||    25
       Constrict         |    17 |    12 ||    29
       Tentacles         |    11 |     4 ||    15
       Short sword       |    13 |       ||    13
       Quarterstaff      |    27 |       ||    27
       Dagger            |     8 |    25 ||    33
       Spear             |       |    39 ||    39
 Cast: Magic Dart        |     4 |     4 ||     8
       Call Imp          |     3 |     3 ||     6
       Mephitic Cloud    |     1 |     5 ||     6
       Blink             |       |     1 ||     1
  Use: Scroll            |     6 |     4 ||    10
 Stab: Sleeping          |     6 |     2 ||     8
       Confused          |       |     1 ||     1
  Eat: Chunk             |     2 |     3 ||     5
Armor: Skin              |     9 |     1 ||    10
Dodge: Dodged            |    48 |    25 ||    73
